 Dungeon Crawl Stone Soup version 0.32-a0-666-ge8a88695a4 (webtiles) character file.

Game seed: 7117730384174312560

12333 ytrimaz the Cleaver (level 11, 0/135 HPs)
             Began as a Coglin Gladiator on Mar 9, 2024.
             Was a Priest of Okawaru.
             Slain by a fire giant
             ... wielding a +0 great sword of flaming
              (28 damage)
             ... on level 11 of the Dungeon.
             The game lasted 00:15:38 (12940 turns).

ytrimaz the Cleaver (Coglin Gladiator)             Turns: 12940, Time: 00:15:39

Health: 0/135      AC: 20    Str: 20    XL:     11   Next: 91%
Magic:  10/12      EV: 11    Int:  8    God:    Okawaru [***...]
Gold:   1205       SH:  0    Dex: 23    Spells: 10/10 levels left

rFire   + + .        y - +1 hand axe (vamp) {Citlalmina}
rCold   . . .        q - +1 dagger (elec) {Charoen}
rNeg    + . .        l - +0 plate armour of the Fletcher {-Cast +Blink Str+2 Dex+3}
rPois   .            m - +2 hat
rElec   .            D - scarf "Issateum" {shadows, Dex+4}
rCorr   .            o - +0 pair of gloves of Divine Compulsion {rF++ rN+}
SInv    .            j - +0 pair of boots
Will    .....        (amulet unavailable) Stlth
                     (ring unavailable)
HPRegen 0.42/turn    (ring unavailable)
MPRegen 0.13/turn    (no gizmo)

%: no spellcasting
@: berserking, heroic, revved, very quick
A: off-hand wielding, slow wielding, warmup strikes, no jewellery
a: Invent Gizmo, Renounce Religion, Evoke Blink, Heroism


You were on level 11 of the Dungeon.
You worshipped Okawaru.
Okawaru was most pleased with you.
You visited 2 branches of the dungeon, and saw 13 of its levels.
You also visited: Bailey.

You collected 1322 gold pieces.
You spent 117 gold pieces at shops.


Innate Abilities, Weirdness & Mutations

You can wield a second weapon in your off-hand.
It takes a long time for you to wield or remove held weapons.
Your first few attacks do less damage.
You cannot equip rings or amulets.


   Skills:
 - Level 10.0(15.0) Fighting
 + Level 13.2(18.2) Axes
 - Level 1.7(6.7) Throwing
 * Level 6.3(11.3) Armour
 - Level 2.6(7.6) Dodging
 + Level 2.6 Invocations
 - Level 7.0 Evocations


You had 10 spell levels left.
You didn't know any spells.
Your spell library contained the following spells:

 Spells                   Type           Power      Damage    Failure   Level
 Freeze                   Ice            0%         1d3       100%        1
 Kiss of Death            Conj/Necr      0%         2d5       100%        1
 Magic Dart               Conj           0%         1d3       100%        1
 Sandblast                Erth           0%         2d4       100%        1
 Sting                    Conj/Alch      0%         1d3       100%        1
 Cigotuvi's Dreadful Rot  Necr/Alch/Air  0%         N/A       100%        2
 Mercury Vapours          Alch/Air       0%         N/A       100%        2
 Searing Ray              Conj           0%         2d4       100%        2
 Confusing Touch          Hex            0%         N/A       100%        3
 Frozen Ramparts          Ice            0%         1d1       100%        3
 Hailstorm                Conj/Ice       0%         3d5       100%        3
 Mephitic Cloud           Conj/Alch/Air  0%         N/A       100%        3
 Passwall                 Erth           0%         N/A       100%        3
 Stone Arrow              Conj/Erth      0%         3d7       100%        3
 Brom's Barrelling Bould  Conj/Erth      0%         2d3       100%        4
 Dimensional Bullseye     Hex/Tloc       0%         N/A       100%        4
 Dispel Undead            Necr           0%         3d6       100%        4
 Fulminant Prism          Conj/Alch      0%         3d5       100%        4
 Ignite Poison            Fire/Alch      0%         N/A       100%        4
 Iskenderun's Mystic Bla  Conj/Tloc      0%         2d3       100%        4
 Olgreb's Toxic Radiance  Alch           0%         N/A       100%        4
 Passage of Golubria      Tloc           0%         N/A       100%        4
 Freezing Cloud           Conj/Ice/Air   0%         6-21      100%        5
 Yara's Violent Unravell  Hex/Alch       0%         3d3       100%        5
 Lehudib's Crystal Spear  Conj/Erth      0%         10d2      100%        8
 Summon Ice Beast         Ice/Summ       Unusable   N/A       N/A         3
 Tukima's Dance           Hex            Unusable   N/A       N/A         3
 Animate Armour           Summ/Erth      Unusable   N/A       N/A         4
 Sculpt Simulacrum        Ice/Alch       Unusable   N/A       N/A         6

Inventory:

Hand Weapons
 a - a +0 war axe {Imanvir}
 f - a +0 dagger {Cortez}
 h - a +2 dagger of venom {Zorawar}
   (You found it on level 1 of the Dungeon)
 q - a +1 dagger of electrocution (offhand) {Charoen}
   (You took it off a kobold on level 3 of the Dungeon)
 y - a +1 vampiric hand axe (weapon) {Citlalmina}
   (You took it off an orc on level 9 of the Dungeon)
 E - the +7 battleaxe of Cuemeamy {flame, rN+ Will+ MP+9}
   (You found it on level 7 of the Dungeon)

   rN+:       It protects you from negative energy.
   Will+:     It increases your willpower.
   MP+9:      It affects your magic capacity (+9).
Missiles
 d - 7 throwing nets
 e - a javelin
Armour
 c - a +2 cloak of preservation
   (You took it off Crazy Yiuf on level 3 of the Dungeon)
 j - a +0 pair of boots (worn)
   (You found it on level 1 of the Dungeon)
 k - a +2 scale mail of fire resistance
   (You took it off Terence on level 2 of the Dungeon)
 l - the +0 plate armour of the Fletcher (worn) {-Cast +Blink Str+2 Dex+3}
   (You took it off Grum in a bailey)

   Str+2:     It affects your strength (+2).
   Dex+3:     It affects your dexterity (+3).
   +Blink:    It lets you blink.
   -Cast:     It prevents spellcasting.
 m - a +2 hat (worn)
   (You found it on level 3 of the Dungeon)
 o - the +0 pair of gloves of Divine Compulsion (worn) {rF++ rN+}
   (You found it on level 5 of the Dungeon)

   rF++:      It greatly protects you from fire.
   rN+:       It protects you from negative energy.
 z - a +0 crystal plate armour
   (You took it off a gnoll sergeant in a bailey)
 D - the scarf "Issateum" (worn) {shadows, Dex+4}
   (You found it on level 10 of the Dungeon)

   Dex+4:     It affects your dexterity (+4).
Wands
 H - a wand of flame (7)
   (You found it on level 8 of the Dungeon)
 I - a wand of polymorph (5)
   (You found it on level 11 of the Dungeon)
Scrolls
 b - a scroll of fog
 n - 4 scrolls of revelation
 r - a scroll of enchant armour
 s - 2 scrolls of silence
 u - a scroll of vulnerability
 w - 2 scrolls of enchant weapon
 B - 6 scrolls of amnesia
 G - a scroll of summoning
Potions
 g - 3 potions of attraction
 i - a potion of magic
 p - a potion of haste
 v - a potion of brilliance {unknown}
 x - a potion of enlightenment {unknown}
 F - a potion of ambrosia

Dungeon Overview and Level Annotations

Branches:
Dungeon (12/15) Zot: 26794  Temple (1/1) D:5 Zot: 5998    Lair (0/5) D:11
 Bailey (visited)
    Orc: D:9-12

Altars:
Ashenzari
Cheibriados
Dithmenos
Elyvilon
Fedhas
Gozag
Hepliaklqana
Kikubaaqudgha
Makhleb
Nemelex Xobeh
Okawaru
Qazlal
Ru
Sif Muna
Trog
Uskayaw
Vehumet
Wu Jian
Xom
Yredelemnul
Zin
The Shining One

Shops:
D:4 ?

Annotations:
D:11 1 runed translucent door

### #[.
########
#####.....#
#....######
#####...#
..#..#### ##
..###)# #C##
####.## #@#
#..###### #.#
##.##...# #.#
# #.##.#.#
###.# #
#......###.>.#
#
####.#.#.#####
# #.....# #
###.### # #.#


You could see a fire giant.


Message History

* * * LOW HITPOINT WARNING * * *
The troll completely misses you. 😨 HP[-9]
You take 9 damage, and now have 43/90 hp.
Unknown command.
You hit the troll but do no damage. Lightning courses through the troll!
You kill the troll!
Okawaru accepts your kill. 😨 HP[+1] Unknown command.
A cyclops comes into view. 😮 HP[+2]
You regained 2 hp, and now have 46/90 hp.
A cyclops is nearby!
Unknown command.
A cyclops is nearby!
The cyclops hits you but does no damage. 😮 HP[+1] Unknown command.
You hit the cyclops with your +1 dagger of electrocution.
Lightning courses through the cyclops!
You slash the cyclops with your +1 vampiric hand axe!
You feel better. 😮 HP[+4]
You regained 4 hp, and now have 51/90 hp.
Unknown command.
You hit the cyclops but do no damage. x2
The cyclops hits you but does no damage.
You hit the cyclops with your +1 dagger of electrocution.
You barely miss the cyclops with your +1 vampiric hand axe.
You barely miss the cyclops with your +1 vampiric hand axe.
You hit the cyclops but do no damage. The cyclops hits you!
* * * LOW HITPOINT WARNING * * *
You hear a shout!
Unknown command. 😨 HP[-15]
You take 15 damage, and now have 36/90 hp.
You barely miss the cyclops with your +1 vampiric hand axe.
You hit the cyclops but do no damage.
A fire giant comes into view.
It is wielding a +0 great sword of flaming.
Unknown command.
The fire giant shouts!
You hit the fire giant with your +1 vampiric hand axe.
You feel better.
You hit the fire giant with your +1 dagger of electrocution.
Lightning courses through the fire giant! 😨 HP[+1] Unknown command.
Okay, then.
You gain the combat prowess of a mighty hero. 😨 HP[+1] MP[-2]
You lost 2 mp, and now have 10/12 mp.
Unknown command.
Unknown command.
You hit the fire giant but do no damage.
You hit the fire giant with your +1 vampiric hand axe.
You feel better.
The fire giant hits you with a +0 great sword of flaming!
* * * LOW HITPOINT WARNING * * *
The fire giant burns you.
* * * LOW HITPOINT WARNING * * *
😨 HP[-8]
You take 8 damage, and now have 30/90 hp.
Unknown command.
Unknown command.
You hit the fire giant with your +1 vampiric hand axe.
You feel better.
You hit the fire giant but do no damage.
The fire giant hits you with a +0 great sword of flaming.
* * * LOW HITPOINT WARNING * * *
😨 HP[+2]
You regained 2 hp, and now have 32/90 hp.
Unknown command.
You hit the fire giant but do no damage. x2
Unknown command.
Unknown command.
It was a potion of berserk rage.
A red film seems to cover your vision as you go berserk!
You feel yourself moving faster!
You feel mighty!
The fire giant hits you with a +0 great sword of flaming!!
* * * LOW HITPOINT WARNING * * *
The fire giant burns you.
* * * LOW HITPOINT WARNING * * *
😱 HP[-12]
You now have 135 max hp (+45).
Unknown command.
You slash the fire giant with your +1 vampiric hand axe!
You feel better.
You hit the fire giant with your +1 dagger of electrocution.
The fire giant hits you but does no damage. 😱 HP[+7]
You regained 7 hp, and now have 27/135 hp.
You hit the fire giant with your +1 vampiric hand axe.
You hit the fire giant but do no damage.
Unknown command.
You hit the fire giant with your +1 vampiric hand axe.
You hit the fire giant but do no damage.
Lightning courses through the fire giant!
The fire giant hits you with a +0 great sword of flaming!!
You die...

Skill      XL: |  1  2  3  4  5  6  7  8  9 10 11 |
---------------+----------------------------------+-----
Fighting       | 3 4 5 6 8 10 | 10.0
Axes           | 4 5 6 8 10 12 13 | 13.2
Evocations     | 4 7 |  7.0
Armour         | 2 6 |  6.3
Invocations    | 2 |  2.6
Throwing       | |  1.7
Dodging        | |  2.6

Action                     |  1- 3 |  4- 6 |  7- 9 | 10-12 || total
---------------------------+-------+-------+-------+-------++-------
  Melee: War axe           |    53 |   108 |   137 |       ||   298
         Dagger            |    39 |    95 |   274 |   403 ||   811
         Hand axe          |       |       |   144 |   392 ||   536
  Throw: Throwing net      |       |       |     5 |       ||     5
 Invoke: Heroism           |       |       |       |     5 ||     5
  Evoke: Wand              |       |       |       |    14 ||    14
    Use: Scroll            |       |     9 |     7 |     5 ||    21
         Potion            |       |       |     3 |     7 ||    10
   Stab: Sleeping          |     1 |       |       |       ||     1
         Confused          |       |     1 |       |       ||     1
         Held in net/web   |       |       |     2 |       ||     2
 Armour: Leather armour    |    32 |       |       |       ||    32
         Scale mail        |       |    89 |   249 |   242 ||   580
         Plate armour      |       |       |       |   217 ||   217
  Dodge: Dodged            |    40 |    63 |   135 |   226 ||   464

Levels and vault maps discovered:
D:1:      dpeg_arrival_rooms_b, layout_basic,
          shapermc_ecumenical_altar_mp_highgroup
D:2:      layout_basic, uniq_terence
D:3:      layout_rooms, lemuel_crystal_altar, mainiacjoe_overflow_boulevard,
          kennysheep_jessica_study, uniq_crazy_yiuf_cottage
D:4:      layout_cave_pools, xom_confusion_cloud, minitemple,
          trog_hazing_becter, serial_shops, shop
D:5:      layout_gridville, temple_statues
D:6:      layout_gridville, nicolae_qazlal_style_of_elements, minivault_5
D:7:      layout_basic
D:8:      layout_loops_ring, old_standard_altar
D:9:      layout_basic, mainiacjoe_overflow_catwalk, uniq_pikel, uniq_erica,
          uniq_maggie
D:10:     layout_loops_ring, mainiacjoe_overflow_small_starburst,
          lemuel_round_altar, mainiacjoe_overflow_tiny_flanked,
          nicolae_gozag_cash_rules_everything_around_me, enter_bailey_7,
          minivault_22, kennysheep_generic_room_5
D:11:     minmay_chopped_fan, layout_loops_ring, hellmonk_lair_entry_icy,
          nicolae_danse_macabre, uniq_snorg
D:12:     layout_basic
Temple:   nicolae_temple_ecumenical_triangle

Notes
Turn   | Place    | Note
-------+----------+-------------------------------------------
     0 | D:1      | ytrimaz the Coglin Gladiator began the quest for the Orb.
     0 | D:1      | Reached XP level 1. HP: 16/16 MP: 1/1
     0 | D:1      | magus.rc [v1.9.6]
    70 | D:1      | Reached XP level 2. HP: 22/22 MP: 2/2
   396 | D:1      | You pick up a book of Vapours and begin reading...
   396 | D:1      | You add the spells Mercury Vapours, Mephitic Cloud and
                  | Freezing Cloud to your library.
   547 | D:1      | Reached XP level 3. HP: 24/28 MP: 3/3
   960 | D:1      | Found a faded altar of an unknown god.
  1245 | D:2      | Noticed Terence
  1253 | D:2      | Killed Terence
  1254 | D:2      | Reached skill level 3 in Fighting
  1254 | D:2      | Reached skill level 4 in Axes
  1254 | D:2      | Reached XP level 4. HP: 10/35 MP: 4/4
  1417 | D:2      | You pick up a book of Frost and begin reading...
  1417 | D:2      | You add the spells Freeze, Frozen Ramparts and Hailstorm to
                  | your library.
  2476 | D:3      | Reached XP level 5. HP: 41/41 MP: 5/5
  2502 | D:3      | You pick up a book of Weapons and begin reading...
  2502 | D:3      | You add the spells Tukima's Dance, Dimensional Bullseye and
                  | Iskenderun's Mystic Blast to your library.
  2516 | D:3      | Found a runed translucent door.
  2517 | D:3      | Noticed Crazy Yiuf
  2607 | D:3      | Found a hazy altar of Hepliaklqana.
  2643 | D:3      | Found a sacrificial altar of Ru.
  2830 | D:3      | Noticed Jessica
  2838 | D:3      | Killed Jessica
  2839 | D:3      | Reached skill level 4 in Fighting
  3141 | D:3      | Killed Crazy Yiuf
  3142 | D:3      | Reached skill level 5 in Axes
  3302 | D:4      | Reached XP level 6. HP: 45/48 MP: 6/6
  3346 | D:4      | Noticed a black bear
  3354 | D:4      | Killed a black bear
  3458 | D:4      | Found Cutaugg's Magic Scroll Emporium.
  3467 | D:4      | Bought a scroll of identify for 26 gold pieces
  3467 | D:4      | Bought a scroll of teleportation for 39 gold pieces
  3467 | D:4      | Bought a scroll of identify for 26 gold pieces
  3467 | D:4      | Bought a scroll of identify for 26 gold pieces
  3487 | D:4      | Identified the +0 leather armour of Qazlal's Esteem {^Drain
                  | +Blink rPois Regen+}
  3530 | D:4      | Reached skill level 5 in Fighting
  3583 | D:4      | Found a bloodstained altar of Trog.
  3761 | D:4      | Found a shimmering altar of Xom.
  3779 | D:4      | Reached skill level 6 in Axes
  3779 | D:4      | Reached XP level 7. HP: 18/56 MP: 7/7
  4049 | D:4      | Identified the +3 kite shield of Submission {Harm Rampage
                  | rCorr}
  4054 | D:4      | Found a shimmering blue altar of Sif Muna.
  4056 | D:4      | Found a burning altar of Makhleb.
  4126 | D:5      | Entered Level 5 of the Dungeon
  4133 | D:5      | You add the spells Sting and Olgreb's Toxic Radiance to
                  | your library.
  4140 | D:5      | Identified the +0 pair of gloves of Divine Compulsion {rF++
                  | rN+}
  4462 | D:5      | Reached skill level 6 in Fighting
  4512 | D:5      | Found a staircase to the Ecumenical Temple.
  4520 | Temple   | Entered the Ecumenical Temple
  4570 | D:5      | Reached XP level 8. HP: 65/65 MP: 8/8
  4608 | D:5      | Reached skill level 7 in Axes
  5417 | D:6      | Reached skill level 7 in Fighting
  5431 | D:6      | You pick up a book of Geomancy and begin reading...
  5431 | D:6      | You add the spells Sandblast, Passwall, Stone Arrow and
                  | Brom's Barrelling Boulder to your library.
  5615 | D:6      | Reached skill level 8 in Axes
  5741 | D:6      | You fall into a shaft and drop 3 floors!
  5979 | D:9      | Reached skill level 8 in Fighting
  5979 | D:9      | Reached XP level 9. HP: 72/74 MP: 9/9
  6157 | D:9      | Noticed Erica
  6332 | D:7      | You pick up a book of the Tundra and begin reading...
  6332 | D:7      | You add the spells Summon Ice Beast and Sculpt Simulacrum
                  | to your library.
  6378 | D:6      | You add the spells Cigotuvi's Dreadful Rot and Ignite
                  | Poison to your library.
  6397 | D:6      | Reached skill level 9 in Axes
  6656 | D:6      | You pick up a book of Touch and begin reading...
  6656 | D:6      | You add the spells Kiss of Death, Confusing Touch and
                  | Dispel Undead to your library.
  6939 | D:6      | Found a stormy altar of Qazlal.
  7036 | D:7      | Identified the +7 battleaxe of Cuemeamy {flame, rN+ Will+
                  | MP+9}
  7367 | D:7      | Reached skill level 9 in Fighting
  8204 | D:8      | Reached skill level 10 in Axes
  8422 | D:8      | You pick up a book of Conjurations and begin reading...
  8422 | D:8      | You add the spells Magic Dart, Searing Ray and Fulminant
                  | Prism to your library.
  8431 | D:8      | Found a glowing silver altar of Zin.
  8722 | D:9      | HP: 9/78 [Erica/bolt of poison (24)]
  8732 | D:9      | HP: 17/78 [Erica/+1 scimitar of flaming (4)]
  8732 | D:9      | Noticed Maggie
  8738 | D:9      | HP: 12/78 [Erica/+1 scimitar of flaming (10)]
  8740 | D:9      | HP: 4/78 [constriction (4)]
  8741 | D:9      | Killed Erica
  8742 | D:9      | Reached skill level 10 in Fighting
  8742 | D:9      | Reached XP level 10. HP: 5/85 MP: 10/10
  8750 | D:9      | HP: 21/85 [Maggie/+2 heavy halberd (8)]
  8757 | D:9      | Killed Maggie
  8758 | D:9      | Reached skill level 11 in Axes
  9135 | D:9      | HP: 20/85 [wyvern (9)]
  9333 | D:9      | Found a radiant altar of Vehumet.
  9386 | D:9      | Noticed Pikel
  9399 | D:9      | Killed Pikel
  9400 | D:9      | Reached skill level 12 in Axes
  9531 | D:10     | Entered Level 10 of the Dungeon
  9647 | D:10     | Reached skill level 1 in Evocations
  9697 | D:10     | Found an iron altar of Okawaru.
  9733 | D:10     | Became a worshipper of Warmaster Okawaru
  9742 | D:10     | Noticed a two-headed ogre
  9752 | D:10     | Killed a two-headed ogre
  9753 | D:10     | Reached skill level 1 in Armour
  9753 | D:10     | Reached skill level 2 in Evocations
  9760 | D:10     | Reached * piety under Okawaru
  9761 | D:10     | Reached skill level 2 in Armour
  9761 | D:10     | Reached skill level 3 in Evocations
  9892 | D:10     | Found an ancient bone altar of Kikubaaqudgha.
  9914 | D:10     | Found a flagged portal.
  9928 | Bailey   | Entered a bailey
 10360 | Bailey   | Identified the +0 plate armour of the Fletcher {-Cast
                  | +Blink Str+2 Dex+3}
 10360 | Bailey   | Noticed Grum
 10366 | Bailey   | HP: 18/85 [wolf (9)]
 10378 | Bailey   | HP: 19/85 [Grum/+0 glaive of flaming (19)]
 10381 | Bailey   | HP: 9/85 [Grum/+0 glaive of flaming (11)]
 10384 | Bailey   | Killed Grum
 10385 | Bailey   | Reached skill level 4 in Evocations
 10512 | Bailey   | Identified a +0 crystal plate armour
 10801 | Bailey   | Reached XP level 11. HP: 81/90 MP: 11/11
 10807 | Bailey   | Reached skill level 3 in Armour
 10816 | Bailey   | HP: 16/90 [gnoll sergeant/+0 bardiche (9)]
 11104 | D:10     | Found an opulent altar of Gozag.
 11132 | D:10     | Identified the scarf "Issateum" {shadows, Dex+4}
 11352 | D:10     | Reached skill level 5 in Evocations
 11573 | D:10     | Found an ornate altar of the Wu Jian Council.
 11640 | D:10     | Reached skill level 4 in Armour
 11912 | D:11     | Reached ** piety under Okawaru
 12057 | D:11     | You pick up a book of Armaments and begin reading...
 12150 | D:11     | Reached skill level 6 in Evocations
 12151 | D:11     | Noticed a boulder beetle
 12249 | D:11     | Noticed a yaktaur captain
 12263 | D:11     | Killed a yaktaur captain
 12264 | D:11     | Reached skill level 5 in Armour
 12264 | D:11     | Reached skill level 1 in Invocations
 12366 | D:11     | You add the spells Passage of Golubria and Yara's Violent
                  | Unravelling to your library.
 12422 | D:11     | Found a runed translucent door.
 12426 | D:11     | Found a shadowy altar of Dithmenos.
 12426 | D:11     | Noticed a +1 demon trident of draining
 12426 | D:11     | Noticed a +0 demon blade of draining
 12468 | D:11     | Reached skill level 13 in Axes
 12470 | D:11     | Noticed a two-headed ogre
 12493 | D:11     | Killed a two-headed ogre
 12493 | D:11     | Reached *** piety under Okawaru
 12494 | D:11     | Reached skill level 7 in Evocations
 12579 | D:11     | Found a staircase to the Lair.
 12595 | D:11     | Reached skill level 2 in Invocations
 12680 | D:11     | Noticed Snorg
 12692 | D:11     | Killed Snorg
 12693 | D:11     | Reached skill level 6 in Armour
 12925 | D:11     | Noticed a cyclops
 12932 | D:11     | Noticed a fire giant
 12937 | D:11     | HP: 21/135 [fire giant/+0 great sword of flaming (28)]
 12940 | D:11     | Slain by a fire giant

Vanquished Creatures
  Snorg (D:11)
  A yaktaur captain (D:11)
  Erica (D:9)
  2 two-headed ogres
  Pikel (D:9)
  Maggie (D:9)
  A rime drake (D:11)
  A yaktaur (D:11)
  2 trolls (D:11)
  A polar bear (D:11)
  7 yaks
  A wyvern (D:9)
  3 wraiths
  Grum (Bailey)
  3 vampire mosquitoes (D:10)
  A steam dragon (D:8)
  7 ice beasts
  3 orc warriors
  4 sky beasts
  3 black bears
  5 wolves
  An ogre (D:6)
  2 lemures (D:9)
  2 centaurs
  A phantom (D:6)
  A kobold brigand (D:4)
  2 bullfrogs (D:8)
  A scorpion (D:5)
  6 gnoll sergeants
  8 wights
  5 killer bees (D:9)
  3 howler monkeys
  A bombardier beetle (D:5)
  6 hounds
  7 gnoll boudas
  7 orc priests
  Crazy Yiuf (D:3)
  2 jellies
  A sleepcap (D:7)
  Jessica (D:3)
  7 iguanas
  3 orc wizards (D:9)
  Terence (D:2)
  36 gnolls
  7 adders
  A shadow imp (D:5)
  A ribbon worm (D:4)
  4 dart slugs
  29 orcs
  9 endoplasms
  4 giant cockroaches
  11 goblins
  13 hobgoblins
  3 jackals
  12 kobolds
  3 quokkas
  8 ball pythons
  5 bats
  6 frilled lizards
  8 rats
279 creatures vanquished.

Vanquished Creatures (others)
  A dart slug (D:4)
  2 hobgoblins (D:4)
3 creatures vanquished.

Grand Total: 282 creatures vanquished

Table legend:
 A = Non-vault XP
 B = Vault XP
 C = Vault XP percentage of total XP
 D = Non-vault monster count
 E = Vault monster count
 F = Vault count percentage of total count
                 A         B        C        D         E       F
            +---------+---------+-------+---------+---------+-------
      Total |    9824 |    7795 |  44.2 |     207 |      71 |  25.5
            +---------+---------+-------+---------+---------+-------
        D:1 |      43 |       0 |   0.0 |      26 |       0 |   0.0
        D:2 |      45 |      32 |  41.6 |      23 |       1 |   4.2
        D:3 |     107 |      79 |  42.5 |      20 |       3 |  13.0
        D:4 |     320 |     126 |  28.3 |      18 |      14 |  43.8
        D:5 |     801 |       0 |   0.0 |      26 |       0 |   0.0
        D:6 |     989 |       0 |   0.0 |      21 |       0 |   0.0
        D:7 |     864 |       0 |   0.0 |      12 |       0 |   0.0
        D:8 |     502 |       0 |   0.0 |      13 |       0 |   0.0
        D:9 |    1237 |    1843 |  59.8 |      25 |       3 |  10.7
       D:10 |    2150 |     292 |  12.0 |      13 |       6 |  31.6
       D:11 |    2766 |    4078 |  59.6 |      10 |      15 |  60.0
     Bailey |       0 |    1345 | 100.0 |       0 |      29 | 100.0
            +---------+---------+-------+---------+---------+-------

Skill      XL: |  1  2  3  4  5  6  7  8  9 10 11 |
---------------+----------------------------------+-----
Fighting       | 3 4 5 6 8 10 | 10.0
Axes           | 4 5 6 8 10 12 13 | 13.2
Evocations     | 4 7 |  7.0
Armour         | 2 6 |  6.3
Invocations    | 2 |  2.6
Throwing       | |  1.7
Dodging        | |  2.6

Action                     |  1- 3 |  4- 6 |  7- 9 | 10-12 || total
---------------------------+-------+-------+-------+-------++-------
  Melee: War axe           |    53 |   108 |   137 |       ||   298
         Dagger            |    39 |    95 |   274 |   403 ||   811
         Hand axe          |       |       |   144 |   392 ||   536
  Throw: Throwing net      |       |       |     5 |       ||     5
 Invoke: Heroism           |       |       |       |     5 ||     5
  Evoke: Wand              |       |       |       |    14 ||    14
    Use: Scroll            |       |     9 |     7 |     5 ||    21
         Potion            |       |       |     3 |     7 ||    10
   Stab: Sleeping          |     1 |       |       |       ||     1
         Confused          |       |     1 |       |       ||     1
         Held in net/web   |       |       |     2 |       ||     2
 Armour: Leather armour    |    32 |       |       |       ||    32
         Scale mail        |       |    89 |   249 |   242 ||   580
         Plate armour      |       |       |       |   217 ||   217
  Dodge: Dodged            |    40 |    63 |   135 |   226 ||   464

Illustrated notes

Table legend:
 A = Kills in this place as a percentage of kills in the entire game.
 B = Kills by you in this place as a percentage of kills by you in the entire game.
 C = Kills by friends in this place as a percentage of kills by friends in the entire game.
 D = Other kills in this place as a percentage of other kills in the entire game.
 E = Experience gained in this place as a percentage of experience gained in the entire game.
 F = Experience gained in this place divided by the number of levels of this place that you have seen.
                   A       B       C       D       E      F
               +-------+-------+-------+-------+-------+----------------------
         Total | 100.0 | 100.0 |   N/A | 100.0 | 100.0 | 1258.5
       Dungeon |  89.6 |  89.5 |   N/A | 100.0 |  92.4 | 1356.2
        Bailey |  10.4 |  10.5 |   N/A |   0.0 |   7.6 | 1345.0
               +-------+-------+-------+-------+-------+----------------------

Table legend: (Time is in decaauts)
 A = Elapsed time spent in this place.
 B = Non-inter-level travel time spent in this place.
 C = Inter-level travel time spent in this place.
 D = Time resting spent in this place.
 E = Time spent auto-exploring this place.
 F = Levels seen in this place.
 G = Mean time per level.
                   A        B        C        D        E       F      G
               +--------+--------+--------+--------+--------+-----+--------+
         Total |  12905 |  12498 |    407 |   1263 |   8930 |  14 |  921.8 |
       Dungeon |  11764 |  11357 |    407 |   1066 |   8230 |  12 |  980.3 |
        Temple |      1 |      1 |      0 |      0 |      0 |   1 |    1.0 |
        Bailey |   1139 |   1139 |      0 |    197 |    700 |   1 | 1139.0 |
               +--------+--------+--------+--------+--------+-----+--------+

Top non-repeatable levels by time:
     D:2: 1404 daAuts
     D:9: 1295 daAuts
    D:10: 1182 daAuts
     D:5: 1149 daAuts
  Bailey: 1139 daAuts
     D:7: 1108 daAuts
     D:1: 1061 daAuts
     D:6: 1000 daAuts
     D:4: 982 daAuts
    D:11: 858 daAuts
     D:3: 848 daAuts
     D:8: 697 daAuts
    D:12: 175 daAuts
  Temple: 1 daAuts
